 Dungeon Crawl Stone Soup version 0.25.1-2-g60ff931df9 (webtiles) character file.

Game seed: 12236988342832920869

601 DerDa the Covered (level 7, 0/44 HPs)
             Began as a Gargoyle Fighter on Sept 21, 2020.
             Slain by a worker ant (3 damage)
             ... on level 4 of the Dungeon.
             The game lasted 00:07:24 (4034 turns).

DerDa the Covered (Gargoyle Fighter)                Turns: 4034, Time: 00:07:24

Health: 0/44       AC: 12    Str: 22    XL:     7   Next: 41%
Magic:  7/7        EV:  9    Int:  8    God:
Gold:   272        SH:  9    Dex:  9    Spells: 6/6 levels left

rFire    . . .     SeeInvis .   a - +0 flail
rCold    . . .     Gourm    .   c - +0 kite shield
rNeg     + . .     Faith    .   b - +0 scale mail
rPois    ∞         Spirit   .   (no helmet)
rElec    +         Reflect  .   (no cloak)
rCorr    .         Harm     .   (no gloves)
MR       .....                  (no boots)
Stlth    ..........             y - amulet of magic regeneration
HPRegen  0.14/turn              (no ring)
MPRegen  0.35/turn              (no ring)

@: no status effects
A: negative energy resistance 1, electricity resistance, unbreathing,
petrification resistance, rot immunity, AC +4
a: no special abilities


You were on level 4 of the Dungeon.
You were not hungry.

You visited 1 branch of the dungeon, and saw 5 of its levels.

You collected 272 gold pieces.

Inventory:

Hand Weapons
 a - a +0 flail (weapon)
 h - a +0 hunting sling
Missiles
 g - 33 poisoned darts (quivered)
 k - 83 stones
 t - 11 bolts
Armour
 b - a +0 scale mail (worn)
 c - a +0 kite shield (worn)
Jewellery
 v - an uncursed ring of protection from magic {unknown}
 y - an amulet of magic regeneration (around neck)
Scrolls
 i - 2 scrolls of random uselessness {unknown}
 l - 2 scrolls of enchant weapon {unknown}
 m - 2 scrolls of noise {unknown}
 n - a scroll of magic mapping {unknown}
 p - a scroll of blinking {unknown}
 r - 2 scrolls of fear {unknown}
 s - 5 scrolls of identify {unknown}
 A - 3 scrolls of teleportation {unknown}
 B - a scroll of fog {unknown}
Potions
 d - 2 potions of might
 e - 2 potions of haste {unknown}
 j - a potion of curing {unknown}
 o - a potion of mutation {unknown}
 q - 2 potions of magic {unknown}
 u - a potion of degeneration {unknown}
 w - a potion of lignification {unknown}
 x - a potion of stabbing {unknown}
 z - 2 potions of heal wounds {unknown}
 C - a potion of resistance {unknown}
Comestibles
 f - 11 rations
 D - 2 chunks of flesh


   Skills:
 + Level 4.7 Fighting
 + Level 3.6 Maces & Flails
 + Level 4.8 Armour
 * Level 3.5 Dodging
 + Level 4.7 Shields


You had 6 spell levels left.
You didn't know any spells.
Your spell library was empty.

Dungeon Overview and Level Annotations

Branches:
Dungeon (5/15)
 Temple: D:4-7

Altars:
Fedhas
Gozag
Nemelex Xobeh
Sif Muna

Shops:
D:4 (


Innate Abilities, Weirdness & Mutations

You are resistant to torment.
Your stone body is resilient. (AC +4)
You are immune to poison.
You resist negative energy. (rN+)
You are resistant to electric shocks. (rElec)
You can survive without breathing.
You are immune to petrification.
You are immune to rotting.


Message History

You block the ogre's attack.
You completely miss the ogre.
The ogre is lightly wounded.
The ogre hits you with a +0 giant spiked club!
You barely miss the ogre.
The ogre is lightly wounded.
The ogre completely misses you.
You barely miss the ogre.
The ogre is lightly wounded.
The ogre hits you with a +0 giant spiked club!!
The ogre hits you with a +0 giant spiked club!
* * * LOW HITPOINT WARNING * * *
A worker ant comes into view.
The worker ant twitches its antennae in your direction.
The worker ant bites you.
* * * LOW HITPOINT WARNING * * *
The worker ant barely misses you. The worker ant barely misses you.
The worker ant bites you.
You die...

.##.........######...##.##.#.##
o..∩##.#.....# ##.###.##.# #
..... ........# #.###.##.#
.#..##.#.....## #O....##.# .#
.##.##...## #.######.# . .
..... #..# #.# . # .....
#####.# #.# .. #.a.O.# #@#####
#.# #########.# #......##.#
##.####.##.# ####..##......#
#......#)#.#### #<.....#
##...###


You could see an ogre and a worker ant.

Vanquished Creatures
  Sigmund (D:4)
  A phantom (D:3)
  An ogre (D:4)
  A bullfrog (D:4)
  An orc wizard (D:3)
  6 adders
  3 gnolls (D:4)
  An ooze (D:1)
  An adder skeleton (D:4)
  A worm (D:3)
  2 dart slugs (D:1)
  3 leopard geckos (D:3)
  6 orcs (D:3)
  A ball python (D:2)
  4 bats (D:1)
  4 giant cockroaches (D:3)
  9 goblins
  9 hobgoblins
  5 jackals
  2 quokkas (D:2)
  4 frilled lizards
  8 kobolds
  4 rats
78 creatures vanquished.

Notes
Turn   | Place    | Note
-------+----------+-------------------------------------------
     0 | D:1      | DerDa the Gargoyle Fighter began the quest for the Orb.
     0 | D:1      | Reached XP level 1. HP: 14/14 MP: 1/1
   119 | D:1      | Reached XP level 2. HP: 17/19 MP: 2/2
   352 | D:1      | Reached skill level 1 in Dodging
   476 | D:1      | Reached XP level 3. HP: 23/23 MP: 3/3
   977 | D:2      | Reached XP level 4. HP: 19/29 MP: 4/4
  1429 | D:2      | Found a shimmering blue altar of Sif Muna.
  1565 | D:2      | Found a sparkling altar of Nemelex Xobeh.
  2243 | D:3      | Reached XP level 5. HP: 19/33 MP: 5/5
  2683 | D:3      | Noticed a phantom
  2702 | D:3      | You fall into a shaft and drop 1 floor!
  2709 | D:4      | Noticed an ogre
  2731 | D:4      | Noticed an ogre
  2732 | D:4      | Killed an ogre
  2732 | D:4      | Reached XP level 6. HP: 20/38 MP: 6/6
  2746 | D:4      | Found Menusaga's Antique Weapon Emporium.
  2749 | D:5      | Entered Level 5 of the Dungeon
  3061 | D:3      | Found a blossoming altar of Fedhas.
  3179 | D:3      | Killed a phantom
  3611 | D:4      | Noticed Sigmund
  3625 | D:4      | Killed Sigmund
  3625 | D:4      | Reached XP level 7. HP: 8/44 MP: 7/7
  3891 | D:4      | Found an opulent altar of Gozag.
  4002 | D:4      | HP: 1/44 [ogre/+0 giant spiked club (13)]
  4018 | D:4      | HP: 1/44 [worker ant (3)]
  4034 | D:4      | Slain by a worker ant

Illustrated notes

Levels and vault maps discovered:
D:1:      scummos_arrival_forest, layout_rooms
D:2:      layout_rooms, led_sif_pool, serial_corexii_hall,
          corexii_hall_statues_u, corexii_hall_statues_x,
          corexii_hall_statues_t, chequers_hall_statues_wall_a,
          kennysheep_cluttered_room, nemelex_diamond_rough_becter
D:3:      layout_basic, fedhas_altar_1, serial_rivers,
          chequers_serial_rivers_room_a, chequers_serial_rivers_small_a,
          chequers_serial_rivers_small_3, chequers_serial_rivers_micro_c,
          gup_sewer_entry_bowl, first_ration, kennysheep_big_empty_room
D:4:      layout_loops_cross, nicolae_overflow_crystal_walls,
          nemelex_xobeh_ov_fountains_minmay, yredelemnul_altar_generic,
          minmay_temple_entry_nine_rooms, serial_shops, shop,
          minmay_misc_feat_pillars, uniq_sigmund, uniq_pikel, uniq_duvessa
D:5:      cheibrodos_helix_gallery, layout_loops_ring, zin_academy,
          chequers_temple_overflow_statue_of_worship

Skill      XL: |  1  2  3  4  5  6 |
---------------+-------------------+-----
Dodging        | 1 2 3 |  3.5
Armour         | 4 |  4.8
Fighting       | 4 |  4.7
Shields        | 4 |  4.7
Maces & Flails | 3 |  3.6

Action                   |  1- 3 |  4- 6 |  7- 9 || total
-------------------------+-------+-------+-------++-------
Melee: Flail             |   144 |   288 |    15 ||   447
Throw: Dart              |       |     6 |       ||     6
  Eat: Chunk             |       |     9 |     2 ||    11
Armor: Scale mail        |    82 |   126 |     1 ||   209
Dodge: Dodged            |    45 |    97 |     6 ||   148
Block: Kite shield       |    92 |   156 |     9 ||   257
